Cogmind - Beta 16.1 @@@ ROGUE MODE // 2026.04.24 @ 13:45:20 Player: Bereft Result: Destroyed by EO-QKE(h) with Battle Rifle Performance ------------- Evolutions (0) 0 Regions Visited (2) 400 Robots Destroyed (13) 65 Value Destroyed (160) 160 Prototype IDs (2) 40 Alien Tech Used (0) 0 Bonus (0) 0 TOTAL SCORE: 665 Bonus ------- None Cogmind --------- Core Integrity 0/250 Matter 287/300 Energy 99/100 System Corruption 0% Temperature Cool (0) Movement Core (50) Location -10/Subcaves Parts ------- > --- POWER (1) -------- (None) > --- PROPULSION (2) --- (None) > --- UTILITY (2) ------ (None) > --- WEAPON (2) ------- (None) > --- INVENTORY (5) ---- Ion Engine Structural Scanner Mining Laser Peak State ------------ > --- POWER ------------ Ion Engine > --- PROPULSION ------- Aluminum Leg Aluminum Leg > --- UTILITY ---------- Small Storage Unit Improved Terrain Scanner > --- WEAPON ----------- EM Pulse Gun Light Assault Rifle > --- INVENTORY -------- Ion Engine Light Ion Engine Light Ion Engine Seismic Detector Shock Absorption System Small Laser Mining Laser [Rating: 10] Favorites ----------- Power Ion Engine Engine Ion Engine Propulsion Aluminum Leg Leg Aluminum Leg Flight Unit Flight Unit Utility Small Storage Unit Device Improved Terrain Scanner Storage Small Storage Unit Processor Signal Interpreter Weapon Light Assault Rifle Energy Gun EM Pulse Gun Ballistic Gun Light Assault Rifle Special Weapon Mining Laser Build | -11 -10 -10 ------- Run | Yrd Mat Sub Slots Evolved . | . . . Power . | . . . Propulsion . | . . . Utility . | . . . Weapon . | . . . Parts Attached 27 | 7 18 2 Power 7 | 1 4 2 Engine 7 | 1 4 2 Core . | . . . Reactor . | . . . Propulsion 9 | 2 7 . Treads . | . . . Leg 2 | 2 . . Wheel . | . . . Hover . | . . . Flight 7 | . 7 . Utility 4 | 2 2 . Device 2 | 1 1 . Storage 1 | 1 . . Processor 1 | . 1 . Hackware . | . . . Protection . | . . . Artifact . | . . . Weapon 7 | 2 5 . Energy Gun 2 | 1 1 . Energy Cannon . | . . . Ballistic Gun 4 | 1 3 . Ballistic Cannon . | . . . Launcher . | . . . Special Weapon 1 | . 1 . Impact Weapon . | . . . Slashing Weapon . | . . . Piercing Weapon . | . . . Special Melee Weapon . | . . . Unidentified Prototypes . | . . . Parts Lost 4 | . 1 3 Power 1 | . . 1 Propulsion 2 | . . 2 Utility 1 | . 1 . Weapon . | . . . Highest Loss Streak 3 | . 1 3 To Critical Strikes . | . . . Average Backups 3 | 3 5 3 Power 1 | 1 2 1 Propulsion . | . . . Utility 1 | . 2 1 Weapon 1 | 1 . 1 Tool/Special . | . . . Unused Backups 4 | . 3 1 Power 1 | . 1 . Propulsion . | . . . Utility 2 | . 1 1 Weapon 1 | . 1 . Tool/Special . | . . . Average Slot Usage (%) 99 | . 99 95 Engine 14 | . 14 14 Leg 4 | . 4 . Flight 23 | . 23 24 Device 14 | . 14 14 Storage 2 | . 2 . Processor 11 | . 11 14 Energy Gun 4 | . 4 . Ballistic Gun 23 | . 22 28 Peak Build Rating 10 | 10 10 7 Average Rating 7 | 6 9 6 On Entrance 5 | . 10 7 Avg Prop Armor Cover (%) . | . . . Naked Turns 3 | . . 3 Heaviest Build 14 | 14 14 8 Greatest Support 20 | 20 20 8 Greatest Overweight (x) 3 | . 3 1 Average Overweight (x) . | . . . Largest Inventory Capacity 8 | 8 8 5 Average Capacity 7 | 7 5 5 Most Carried 8 | 7 8 4 Average Carried 3 | 3 5 3 Final Capacity 8 | 8 5 5 Final Carried 7 | 7 4 3 Class Distribution -------------------- 76% | Mutant 23% | Scavenger-Mutant Dominant Class ---------------- Scavenger-Mutant | -10/Materials Scavenger-Mutant | -10/Subcaves Resources | -11 -10 -10 ----------- Run | Yrd Mat Sub Matter Collected 593 | 284 293 16 Remotely . | . . . Salvage Created 270 | 5 265 . Parts 27 | . 27 . Haulers Intercepted . | . . . Recyclers Shooed . | . . . Parts Field Recycled . | . . . Retrieved Matter . | . . . Parts Self-Destructed . | . . . Prevented . | . . . Parts Restored . | . . . Kills | -11 -10 -10 ------- Run | Yrd Mat Sub Combat Hostiles Destroyed 13 | 1 12 . Guns 13 | 1 12 . Classes Destroyed 4 | 1 3 . Operator 1 | . 1 . Swarmer 11 | . 11 . Grunt 1 | . 1 . Assembled 1 | 1 . . Best Kill Streak 3 | 1 3 . Combat Bots Only 3 | 1 3 . Max Kills in Single Turn 2 | 1 2 . Gunslinging 1 | . 1 . Exploded . | . . . Melee . | . . . Uniques/NPCs Destroyed . | . . . Combat | -11 -10 -10 -------- Run | Yrd Mat Sub Hostile Shots Fired 100 | 7 78 15 Missed 38 | 3 31 4 Hits 62 | 4 47 11 Projectile 62 | 4 47 11 Critical Strikes 1 | . . 1 Damage Taken 756 | 64 398 294 Core 260 | . 114 146 Absorbed by Shields . | . . . Core Remaining (%) 100 | 100 . . Volleys Fired 94 | 4 83 7 Largest 2 | 2 2 2 Hottest 120 | 60 120 40 Shots Fired 157 | 8 135 14 Gun 152 | 8 130 14 Cannon . | . . . Launcher . | . . . Special 5 | . 5 . Kinetic 126 | 4 108 14 Thermal 25 | . 25 . Explosive . | . . . Electromagnetic 6 | 4 2 . Robot Hit Streak 5 | 3 5 2 Robot Miss Streak 9 | 2 9 3 Penetration Max . | . . . Secondary Targets 3 | . 3 . Max Gunslinging Chain 1 | . 1 . Shots Hit Robots 58 | 4 46 8 Core Hits 27 | 1 24 2 Critical Kills . | . . . Critical Parts Destroyed . | . . . Critical Strikes . | . . . Melee Attacks . | . . . Impact . | . . . Slashing . | . . . Piercing . | . . . Sneak Attacks . | . . . Combat Hostiles . | . . . Follow-up Attacks . | . . . Damage Inflicted 486 | 43 403 40 Guns 486 | 43 403 40 Cannons . | . . . Explosions . | . . . Melee . | . . . Ramming . | . . . Kinetic 428 | 8 380 40 Thermal . | . . . Explosive . | . . . Electromagnetic 58 | 35 23 . Impact . | . . . Slashing . | . . . Piercing . | . . . Highest Corruption . | . . . Average Corruption . | . . . Corruption Purged . | . . . Corruption Blocked . | . . . Overload Shots . | . . . Overflow Damage . | . . . Projectiles . | . . . Explosions . | . . . Melee . | . . . Knockbacks . | . . . Impact . | . . . Kinetic . | . . . Secondary . | . . . Self-Inflicted Damage . | . . . Shots . | . . . Rammed . | . . . Targets Rammed . | . . . Kicked . | . . . Crushed . | . . . Highest Temperature 186 | 40 186 . Average Temperature 30 | 25 30 . Received Heat Transfer 66 | . 30 36 Siege Activations . | . . . Martial Activations . | . . . Shielding Activations . | . . . Robots Disrupted . | . . . Combat Hostiles . | . . . Robots Corrupted . | . . . Combat Hostiles . | . . . Parts Fried . | . . . Impact Corruptions . | . . . Robots Melted . | . . . Combat Hostiles . | . . . Parts Melted . | . . . Heat Transferred . | . . . Parts Sabotaged . | . . . Parts Stolen . | . . . Parts Stripped . | . . . Power Chain Reactions . | . . . Alert | -11 -10 -10 ------- Run | Yrd Mat Sub Maximum Alert Level . | . . . Low Security (%) 100 | 100 100 . Level 1 . | . . . Level 2 . | . . . Level 3 . | . . . Level 4 . | . . . Level 5 . | . . . High Security . | . . . Max Security . | . . . Peak Influence 99 | . 99 . Initial . | . . . Average 10 | . 31 . Influence Increases 415 | . 415 . Destroy 0b10 Robot/C 240 | . 240 . Destroy 0b10 Robot/NC 5 | . 5 . Destroy Leader 30 | . 30 . Successful Hack 46 | . 46 . Destroy Structure 4 | . 4 . Partial Spotted 15 | . 15 . Lose Combat Pursuer 75 | . 75 . Influence Decreases 415 | . 320 95 Entered New Map 47 | . . 47 Time Decay 338 | . 310 28 Lost Part 30 | . 10 20 Squads Dispatched . | . . . Investigation . | . . . Extermination . | . . . Reinforcement . | . . . Assault . | . . . Garrison . | . . . Intercept . | . . . Searches Triggered . | . . . Construction Impeded . | . . . Haulers Reinforced . | . . . Active Scanning Responses . | . . . Cargo Convoy Interrupts . | . . . Stealth | -11 -10 -10 --------- Run | Yrd Mat Sub Distress Signals 4 | 1 3 . Communications Jammed . | . . . Distress Signals . | . . . Times Spotted 28 | 1 25 2 Peak Tracking Total 3 | 1 3 2 Tactical Retreats 3 | . 3 . Traps | -11 -10 -10 ------- Run | Yrd Mat Sub Traps Triggered . | . . . Indirectly . | . . . Trap Hack Attempts . | . . . Triggered . | . . . Disarmed 6 | . 6 . Reprogrammed . | . . . Reused . | . . . Traps Extracted . | . . . Installed . | . . . Triggered . | . . . Machines | -11 -10 -10 ---------- Run | Yrd Mat Sub Machines Disabled . | . . . Max in Single Turn . | . . . Machines Repaired . | . . . Machines Dismantled . | . . . Machines Sabotaged . | . . . Overloaded Fab Kills . | . . . Hacking | -11 -10 -10 --------- Run | Yrd Mat Sub Machines Accessed 8 | . 8 . Terminals 7 | . 7 . Fabricators . | . . . Repair Stations . | . . . Recycling Units 1 | . 1 . Scanalyzers . | . . . Garrison Access . | . . . Total Hacks 23 | . 23 . Successful 14 | . 14 . Failed 9 | . 9 . Catastrophic 3 | . 3 . Database Lockouts . | . . . Manual . | . . . Terminals 20 | . 20 . Fabricators . | . . . Repair Stations . | . . . Recycling Units 3 | . 3 . Scanalyzers . | . . . Garrison Access . | . . . Terminal Hacks 12 | . 12 . Prototype ID Bank 2 | . 2 . Emergency Access Points 3 | . 3 . Alert Level 1 | . 1 . Disarm Traps 1 | . 1 . Dispatch Records 1 | . 1 . Patrol Status 1 | . 1 . Recall Investigation 1 | . 1 . Recall Reinforcements 1 | . 1 . Zone Layout 1 | . 1 . Fabricator Hacks . | . . . Repair Station Hacks . | . . . Recycling Unit Hacks 2 | . 2 . Report Inventory 1 | . 1 . Retrieve Components 1 | . 1 . Scanalyzer . | . . . Garrison Access Hacks . | . . . Unauthorized Hacks . | . . . Terminals . | . . . Fabricators . | . . . Repair Stations . | . . . Recycling Units . | . . . Scanalyzers . | . . . Garrison Access . | . . . Data Cores Recovered 1 | . 1 . Used . | . . . Hacking Detections 4 | . 4 . Full Trace Events 3 | . 3 . Feedback Events . | . . . Feedback Blocked . | . . . Robot Schematics Acquired . | . . . Robots Built . | . . . Authchips . | . . . Time . | . . . Total Robot Build Rating . | . . . Part Schematics Acquired . | . . . Parts Built . | . . . Authchips . | . . . Time . | . . . Total Part Build Rating . | . . . Part Studies Acquired . | . . . Parts Repaired . | . . . Time . | . . . Parts Recycled . | . . . Recycled Matter . | . . . Retrieved Matter . | . . . Retrieved Components 9 | . 9 . Parts Scanalyzed . | . . . Part Schematics Acquired . | . . . Parts Damaged . | . . . Bothacking | -11 -10 -10 ------------ Run | Yrd Mat Sub Used RIF Installer . | . . . Robots Hacked . | . . . Non-combat . | . . . Combat . | . . . Robot Hacks Applied . | . . . Relay Couplers Released . | . . . Fabnet Peak Effective % . | . . . Robots Rewired . | . . . Allies Hacked . | . . . Hacks Repelled . | . . . Allies | -11 -10 -10 -------- Run | Yrd Mat Sub Total Allies . | . . . Largest Group . | . . . Highest-Rated Group . | . . . Highest-Rated Ally . | . . . Total Orders . | . . . Ally Attacks . | . . . Total Damage . | . . . Kills . | . . . Allies Corrupted . | . . . Allies Melted . | . . . Intel | -11 -10 -10 ------- Run | Yrd Mat Sub Active Infowar (turns) 1787 | 392 1334 61 Terrain 1713 | 392 1321 . Seismic 74 | . 13 61 Robot Analysis Total . | . . . Derelict Logs Recovered . | . . . Drone Launches . | . . . Drone Recoveries . | . . . Exploration | -11 -10 -10 ------------- Run | Yrd Mat Sub Turns Passed 3905 | 2498 1343 64 Spaces Moved 1368 | 367 903 98 Core 12 | 6 . 6 Treads . | . . . Legs 485 | 361 124 . Wheels . | . . . Hover . | . . . Flight 871 | . 779 92 Fastest Speed 37 | 50 37 37 Average Speed 67 | 118 48 42 Slowest Speed 280 | 120 280 120 Overloaded Moves . | . . . Propulsion Burnouts . | . . . Robots Hopped 7 | . 7 . Potential Cave-ins . | . . . Cave-ins Triggered . | . . . Exploration Rate (%) 43 | 26 98 6 Regions Visited 2 Branch Regions 1 Pre-discovered Areas . | . . . Known Exits Taken 1 | . 1 . Unknown Exits Taken 1 | 1 . . Scrap Searched . | . . . Spaces Dug 4 | . 4 . Terrain Destroyed 4 | . 4 . Melee . | . . . Projectile 4 | . 4 . AOE . | . . . Terrain Rammed . | . . . Walls Destroyed . | . . . Machines Disabled . | . . . Actions | -11 -10 -10 --------- Run | Yrd Mat Sub Total 4208 | 2419 1680 109 Wait 2691 | 2031 658 2 Move 1355 | 366 891 98 Hop 4 | . 4 . Pick Up 15 | 10 5 . Fast Attach 8 | 4 4 . Attach 5 | 3 1 1 Detach . | . . . Swap 17 | 1 15 1 Drop 19 | . 19 . Fire 94 | 4 83 7 Melee . | . . . Ram . | . . . Kick . | . . . Crush . | . . . Escape Stasis . | . . . Rewire . | . . . Trap . | . . . Miscellaneous . | . . . Route ------- -11/Scrapyard -10/Materials (discovered 6 exits: *Mat x3 / *Min x2 / *Sub) -10/Subcaves History --------- Turn | Location | Event 2 | -11/Scrapyard | Met Revision 17 36 | -11/Scrapyard | Discovered new exit (range 15) 1088 | -11/Scrapyard | Assembled infested the area 2499 | -11/Scrapyard | Entered Materials 2500 | -10/Materials | Build established: Mutant 2635 | -10/Materials | Discovered new exit (range 15) 2895 | -10/Materials | Discovered new exit (range 16) 2901 | -10/Materials | Identified exit to Materials 3047 | -10/Materials | Discovered exit to Materials (range 11) 3047 | -10/Materials | Discovered new exit (range 13) 3111 | -10/Materials | Identified exit to Mines 3212 | -10/Materials | Build established: Scavenger-Mutant 3294 | -10/Materials | Discovered new exit (range 10) 3327 | -10/Materials | Identified exit to Subcaves 3723 | -10/Materials | Discovered exit to Materials (range 9) 3842 | -10/Materials | Entered Subcaves 3843 | -10/Subcaves | Approached by a straggling Scientist 3873 | -10/Subcaves | Ambushed by Subdwellers from Twisted Machinery 3895 | -10/Subcaves | Core integrity fell below 50% 3903 | -10/Subcaves | Released all parts (5) 3906 | -10/Subcaves | Core integrity fell below 20% 3906 | -10/Subcaves | Destroyed by EO-QKE(h) with Battle Rifle Last Messages --------------- VA-FJI(c): "I think it's somewhere northeast of here" Ion Engine destroyed. EO-QKE(h) drops a Scrap Shield: "Protect yourself with this!" HV Slug penetrates 6I-DHU(R). 6I-DHU(R) suffers critical hit (Destroy). 6I-DHU(R) knocked back. HV Slug penetrates Wall. Flight Unit destroyed. Released Signal Interpreter. Released Lgt. Assault Rifle. Released Seismic Detector. Released Ion Engine. Subatomizers dissect the Tech Extrapolator. Tech Extrapolator violently self-destructs. HV Slug penetrates 17-6H5(R). 17-6H5(R) suffers critical hit (Destroy). 17-6H5(R) destroyed. Knocked back. Map ----- +----------------------------------------------------+ | ??????????????????????????????????????????#??????? | | ?????????????????????????????????????????????????? | | ?????????????????????????????????????????????????? | | ?????????????????????????????????????????????????? | | ?????????????????????????????????????????????????? | | ?????????????????????????????????????????????????? | | ???????????????????????????????????????????????### | | ??????????????????????????????????????????????## | | ??????????????????????????????????????????????# | | ??????????????????????????????????????????????# | | ??????????????????????????????????????????????# | | ??????????????????????????????????????????????# " | | ??????????????????????????????????????????????# " | | ??????????????????????????????????????????????# " | | ??????????????????????????????????????????????## | | ???????????????????????????????????????????????## | | ????????????????????????????????????????????????# | | ????????????????????????????????????????????????## | | ???????????????????????????????????????????????### | | ??????????????????????????????????????##???????# # | | ????????????????????????????????????## #???????## | | ??????????????"??"?????????????????## ##??????## # | | ??????????????" "" ??????######??## # ##????## # | | ??????????????"""" ####?# %#?## ### ##??## ### | | ?????????????? " ##% ### #$### #### ##?? | | ??????????????????""""" %@ %*%h! # #?## ## ##??? | | ??????????????????""""### R = # ??## ##???? | | ???????????????????????#;# #[##### ??####????? | | ???????????????????????###### ![#????##?????????? | | ????????????????????????????## *##???????????????? | | ?????????????????????????????####????????????????? | | ?????????????????????????????????????????????????? | | ?????????????????????????????????????????????????? | | ?????????????????????????????????????????????????? | | ?????????????????????????????????????????????????? | | ?????????????????????????????????????????????????? | | ?????????????????????????????????????????????????? | | ?????????????????????????????????????????????????? | | ?????????????????????????????????????????????????? | | ?????????????????????????????????????????????????? | | ?????????????????????????????????????????????????? | | ?????????????????????????????????????????????????? | | ?????????????????????????????????????????????????? | | ?????????????????????????????????????????????????? | | ?????????????????????????????????????????????????? | | | | | | | | | | | +----------------------------------------------------+ Best States ------------- Heat Dissipation 25 Energy Generation 10 Energy Capacity 250 Matter Stores 300 Matter Capacity 300 Sight Range 16 Terrain Scan Range 16 Terrain Scan Density 10 Evasion (%) 62 Item Schematics ----------------- None Robot Schematics ------------------ None Fabricated ------------ Nothing Repaired ---------- Nothing Studied --------- None Alien Tech Used ----------------- None Achievements -------------- None Challenges ------------ None Game ------ Seed HeavyRocketArmor Manual? 0 Play Time 00:24:45 Cumulative 24.0 hours Start 2026.04.24 @ 12:55:44 End 2026.04.24 @ 13:45:20 Sessions 1 Manual Loads 0 Difficulty Rogue Special Mode None Game No. 39 Rogue 39 Adventurer 0 Explorer 0 Win Type - Total 0 Types 0/0/0/0/0/0/0/0/0/0 Lore% 22 Gallery% 22 Achievement% 21 Wizard Run 0 Options --------- Layout 1 ASCII 0 Keyboard 0 Movement Mouse Keybinds 0 Fullscreen 1 Font 32/SmallcapsGlow Map View 50x35 Zoom Use 0% Tactical HUD 0 Map Filters NONE Filters NONE Steam 1 RUN: d59d02af-c52e-4880-977a-bec3a55e762f